 Dungeon Crawl Stone Soup version 0.24-a0-290-gbb66a67 (webtiles) character file.

Game seed: 17865943827478246053

1846 MisterFreud the Carver (level 9, -2/62 HPs)
             Began as an Octopode Fighter on May 8, 2019.
             Was a Believer of Cheibriados.
             Slain by a wight
             ... wielding a +2 flail of crushing
              (3 damage)
             ... on level 6 of the Dungeon.
             The game lasted 00:10:59 (5433 turns).

MisterFreud the Carver (Octopode Fighter)           Turns: 5433, Time: 00:11:00

Health: -2/62      AC:  1    Str: 20    XL:     9   Next: 12%
Magic:  9/9        EV: 14    Int: 18    God:    Cheibriados [**....]
Gold:   338        SH: 10    Dex: 21    Spells: 8/8 levels left

rFire    . . .     SeeInvis .   a - +1 long sword
rCold    . . .     Gourm    .   b - +1 shield
rNeg     . . .     Faith    .   (helmet restricted)
rPois    .         Spirit   .   (no amulet)
rElec    .         Reflect  .   t - +4 ring of dexterity
rCorr    .         Harm     .   (no ring)
MR       .....                  (no ring)
Stlth    +++.......             (no ring)
HPRegen  0.20/turn              (no ring)
MPRegen  0.11/turn              (no ring)
                                (no ring)
                                (no ring)

@: heavily drained, very slow
A: almost no armour, stealthy swim, amphibious, 8 rings, constrict 8, camouflage
1, gelatinous body 1
a: Bend Time, Renounce Religion


You were on level 6 of the Dungeon.
You worshipped Cheibriados.
Cheibriados was pleased with you.
You were not hungry.

You visited 2 branches of the dungeon, and saw 7 of its levels.

You collected 338 gold pieces.

Inventory:

Hand Weapons
 a - a +1 long sword (weapon)
 h - a +4 rapier of protection
 r - a +2 whip of electrocution
Missiles
 g - 123 stones (quivered)
 k - 104 sling bullets
 n - 27 bolts
 o - 6 javelins
 p - 4 curare-tipped needles
 u - 7 arrows
Armour
 b - a +1 shield (worn)
Jewellery
 t - a +4 ring of dexterity (left tentacle)
Wands
 l - a wand of flame (17)
 q - a wand of paralysis (7)
Scrolls
 j - a scroll of immolation
 s - 2 scrolls of teleportation
 x - a scroll of identify
Potions
 e - a potion of cancellation
 i - 2 potions of lignification
 m - a potion of mutation
 v - a potion of flight {unknown}
 w - a potion of curing
Comestibles
 d - 7 rations


   Skills:
 - Level 6.0(4.5) Fighting
 + Level 9.1(7.5) Long Blades
 - Level 6.0(4.6) Dodging
 - Level 3.0(1.6) Shields


You had 8 spell levels left.
You didn't know any spells.
Your spell library was empty.

Dungeon Overview and Level Annotations

Branches:
Dungeon (6/15)             Temple (1/1) D:4

Altars:
Cheibriados
Dithmenos
Gozag
Kikubaaqudgha
Qazlal
Trog
Uskayaw
Xom


Innate Abilities, Weirdness & Mutations

You cannot wear most types of armour.
You are very stealthy in the water. (Stealth+)
You are amphibious.
You can wear up to eight rings at the same time.
You can use your tentacles to constrict eight enemies at once.
Your skin changes colour to match your surroundings (Stealth+).
Your rubbery body absorbs attacks. (AC +1, EV +1)


Message History

The wight throws a throwing net.
The throwing net hits you.
You become entangled in the net!
You struggle against the net.
You struggle against the net.
The wight hits you with a +2 flail of crushing!
You feel drained.
You tear a large gash into the net.
The wight hits you with a +2 flail of crushing!
* * * LOW HITPOINT WARNING * * *
x2 You shred the net and break free!
The wight hits you with a +2 flail of crushing.
* * * LOW HITPOINT WARNING * * *
x2 You hit the wight but do no damage.
Your grab misses the wight. You block the wight's attack.
You closely miss the wight. Your grab misses the wight. You squeeze the wight.
The wight is moderately damaged.
The wight hits you with a +2 flail of crushing!
* * * LOW HITPOINT WARNING * * *
You feel drained.
You die...

#.###.# #.......#
#.....# ####.....
#.....# #......
#.....# #......
#....(# #......
#.....# #......
#..))[# #......
#.z.).# #......
#@###)######......
#.....# #.............
#._...###.............
#.......'.............
####..###........###..
##.# ########## #..
#.# #.. #.# #.. #..


You could see a wight.

Vanquished Creatures
  Sigmund (D:6)
  Eustachio (D:6)
  An orc warrior (D:6)
  A sky beast (D:5)
  2 ogres (D:5)
  A centaur (D:6)
  A bullfrog (D:5)
  2 scorpions
  3 wights (D:6)
  A howler monkey (D:6)
  A crimson imp (D:5)
  A bullfrog zombie (D:5)
  2 hounds (D:6)
  4 orc priests
  2 iguanas
  3 orc wizards
  3 worker ants
  Natasha (twice) (D:2)
  3 howler monkey skeletons
  13 adders
  2 oozes
  An adder zombie (D:5)
  An adder skeleton (D:4)
  2 worms
  2 dart slugs
  6 leopard geckos
  16 orcs
  A ball python (D:4)
  9 bats
  4 giant cockroaches
  15 goblins
  14 hobgoblins
  6 jackals
  4 frilled lizards
  14 kobolds
  8 rats
153 creatures vanquished.

Notes
Turn   | Place    | Note
-------+----------+-------------------------------------------
     0 | D:1      | MisterFreud the Octopode Fighter began the quest for the
                  | Orb.
     0 | D:1      | Reached XP level 1. HP: 16/16 MP: 1/1
   267 | D:1      | Reached XP level 2. HP: 21/21 MP: 2/2
   304 | D:1      | Reached skill level 3 in Long Blades
   468 | D:1      | Reached XP level 3. HP: 26/26 MP: 3/3
   991 | D:2      | Noticed Natasha
   995 | D:2      | Killed Natasha
   995 | D:2      | Reached skill level 4 in Long Blades
   995 | D:2      | Reached XP level 4. HP: 25/31 MP: 4/4
  1465 | D:2      | Noticed Natasha
  1474 | D:2      | Killed Natasha
  1474 | D:2      | Reached skill level 5 in Long Blades
  1474 | D:2      | Reached XP level 5. HP: 16/36 MP: 5/5
  2715 | D:3      | Reached skill level 6 in Long Blades
  2718 | D:3      | HP: 1/36 [orc priest/+0 hand axe (6)]
  2721 | D:3      | Reached XP level 6. HP: 2/42 MP: 6/6
  3724 | D:4      | Found a staircase to the Ecumenical Temple.
  3733 | Temple   | Entered the Ecumenical Temple
  3738 | Temple   | Became a worshipper of Cheibriados the Contemplative
  3948 | D:4      | Reached skill level 5 in Dodging
  3948 | D:4      | Reached XP level 7. HP: 32/46 MP: 7/7
  4231 | D:5      | Entered Level 5 of the Dungeon
  4347 | D:5      | Reached * piety under Cheibriados
  4780 | D:5      | Reached XP level 8. HP: 51/54 MP: 8/8
  4848 | D:6      | Found a shadowy altar of Dithmenos.
  4850 | D:6      | Reached skill level 7 in Long Blades
  4891 | D:6      | Reached skill level 5 in Fighting
  4895 | D:6      | Noticed Sigmund
  4899 | D:6      | Noticed Eustachio
  4904 | D:6      | Killed Sigmund
  4912 | D:6      | Killed Eustachio
  5014 | D:6      | Reached skill level 8 in Long Blades
  5023 | D:6      | Reached ** piety under Cheibriados
  5028 | D:6      | Reached XP level 9. HP: 23/62 MP: 9/9
  5299 | D:6      | Identified the +3 dagger of Context {pierce, rElec Str+4
                  | Int-3}
  5314 | D:6      | Reached skill level 9 in Long Blades
  5421 | D:6      | Found a bloodstained altar of Trog.
  5433 | D:6      | HP: 1/62 [wight/+2 flail of crushing (14)]
  5433 | D:6      | Slain by a wight

Levels and vault maps discovered:
D:1:      wander_arrival_chamber, layout_rooms, minmay_misc_feat_four_crosses
D:2:      cheibrodos_greedy_goblins, layout_loops_ring, uniq_natasha
D:3:      layout_basic, first_ration
D:4:      layout_cave_pools, minmay_temple_entry_waves, guppyfry_early_lair_pool
D:5:      layout_basic, hex_intersection
D:6:      layout_basic, old_standard_altar, hex_tiny, minmay_misc_feat_alley,
          bloody_trog, uniq_eustachio, uniq_sigmund
Temple:   nicolae_temple_the_god_donut

Skill      XL: |  1  2  3  4  5  6  7  8  9 |
---------------+----------------------------+-----
Long Blades    | 3 4 5 6 8 9 |  9.1
Dodging        | 5 6 |  6.0
Fighting       | 4 6 |  6.0
Shields        | |  3.0

Action                   |  1- 3 |  4- 6 |  7- 9 || total
-------------------------+-------+-------+-------++-------
Melee: Long sword        |    58 |   158 |   109 ||   325
       Constrict         |    22 |    44 |    30 ||    96
       Tentacles         |     8 |    34 |    35 ||    77
Throw: Stone             |       |       |     3 ||     3
  Use: Scroll            |       |     5 |     7 ||    12
       Potion            |       |       |     4 ||     4
 Stab: Sleeping          |     1 |     7 |     4 ||    12
       Invisible         |       |       |     3 ||     3
  Eat: Chunk             |       |    10 |     3 ||    13
Armor: Skin              |     6 |    12 |     2 ||    20
Dodge: Dodged            |    35 |    64 |    39 ||   138
Block: Shield            |    27 |    47 |    36 ||   110
       Rpst.: Long sword |     9 |    18 |    15 ||    42

Table legend:
 A = Non-vault XP
 B = Vault XP
 C = Vault XP percentage of total XP
 D = Non-vault monster count
 E = Vault monster count
 F = Vault count percentage of total count
                 A         B        C        D         E       F
            +---------+---------+-------+---------+---------+-------
      Total |    2114 |     524 |  19.9 |     138 |      15 |   9.8
            +---------+---------+-------+---------+---------+-------
        D:1 |      52 |       0 |   0.0 |      32 |       0 |   0.0
        D:2 |     120 |      50 |  29.4 |      24 |      10 |  29.4
        D:3 |     224 |       0 |   0.0 |      34 |       0 |   0.0
        D:4 |     164 |      40 |  19.6 |       9 |       3 |  25.0
        D:5 |     724 |       0 |   0.0 |      19 |       0 |   0.0
        D:6 |     830 |     434 |  34.3 |      20 |       2 |   9.1
            +---------+---------+-------+---------+---------+-------
